 Dungeon Crawl Stone Soup version 0.18-a0-844-g9229740 (webtiles) character file.

247 WhatsThis the Charmwright (level 5, 0/35 HPs)
             Began as a High Elf Skald on Dec 19, 2015.
             Was a Follower of Okawaru.
             Succumbed to a killer bee's poison
             ... on level 4 of the Dungeon.
             The game lasted 00:42:17 (4461 turns).

WhatsThis the Charmwright (High Elf Skald)          Turns: 4461, Time: 00:42:18

Health: 0/35       AC:  7    Str: 11 (13) XL:     5   Next: 85%
Magic:  18/19      EV: 13    Int: 18      God:    Okawaru [*.....]
Gold:   242        SH:  0    Dex: 15      Spells: 4 memorised, 2 levels left

rFire  . . .     SeeInvis +     m - +3 dagger (venom)
rCold  . . .     Gourm    .     x - +1 leather armour
rNeg   . . .     Faith    .     (no shield)
rPois  .         Spirit   .     (no helmet)
rElec  .         Dismiss  .     y - +2 cloak
rCorr  .         Reflect  .     (no gloves)
SustAt .         Harm     .     (no boots)
MR     .....                    (no amulet)
Stlth  ++........               s - ring of magical power
                                d - +2 ring of intelligence

@: lethally poisoned (0 -> -6), infused, hasted, very quick, not resistant to
hostile enchantments, unstealthy
A: see invisible, mutation resistance 1, strong 1
a: Heroism, Renounce Religion


You were on level 4 of the Dungeon.
You worshipped Okawaru.
Okawaru was aware of your devotion.
You were not hungry.

You visited 1 branch of the dungeon, and saw 4 of its levels.

You collected 242 gold pieces.

Inventory:

Hand Weapons
 m - a +3 dagger of venom (weapon)
 p - a +0 hunting sling
 t - a +0 long sword of electrocution
 z - a +0 spear
Missiles
 f - 163 stones (quivered)
 h - a throwing net
 j - 6 curare-tipped needles
 r - 24 arrows
Armour
 x - a +1 leather armour (worn)
 y - a +2 cloak (worn)
Jewellery
 d - a +2 ring of intelligence (left hand)
 s - a ring of magical power (right hand)
Scrolls
 a - a scroll of immolation {unknown}
 b - a scroll of random uselessness {unknown}
 g - 2 scrolls of amnesia
 l - 2 scrolls of recharging
 o - 3 scrolls of remove curse
Potions
 e - a potion of mutation
 i - a potion of haste
 k - 2 potions of curing {unknown}
Books
 c - a book of Battle

   Spells                             Type                      Level
   a - Infusion                       Charms                       1
   b - Shroud of Golubria             Charms/Translocation         2
   c - Song of Slaying                Charms                       2
   d - Spectral Weapon                Hexes/Charms                 3
   e - Regeneration                   Charms/Necromancy            3
Comestibles
 q - a chunk of flesh


   Skills:
 + Level 2.3 Fighting
 + Level 3.0 Short Blades
 + Level 1.0 Throwing
 + Level 2.5 Armour
 + Level 3.0 Dodging
 + Level 1.4 Stealth
 + Level 3.1 Spellcasting
 + Level 4.6 Charms
 + Level 1.0 Translocations


You had 2 spell levels left.
You knew the following spells:

 Your Spells              Type           Power        Failure   Level  Hunger
a - Infusion              Chrm           ###...       3%          1    None
b - Shroud of Golubria    Chrm/Tloc      ##........   12%         2    ##.....
c - Song of Slaying       Chrm           ###.....     6%          2    ##.....
d - Spectral Weapon       Hex/Chrm       ##......     24%         3    ###....


Dungeon Overview and Level Annotations

Branches:
Dungeon (4/15)
 Temple: D:4-7

Altars:
Okawaru
Trog

Shops:
D:4 %


Innate Abilities, Weirdness & Mutations

You have supernaturally acute eyesight.
You are somewhat resistant to further mutation.
Your muscles are strong. (Str +2)


Message History

The killer bee stings you but does no damage.
You miss the killer bee. The killer bee closely misses you.
The killer bee buzzes angrily.
You hit the killer bee!
The killer bee is poisoned.
The killer bee is moderately wounded.
Your shroud unravels.
The killer bee stings you. The killer bee closely misses you.
You barely miss the killer bee.
The killer bee is heavily wounded.
The killer bee stings you.
* * * LOW HITPOINT WARNING * * *
The killer bee closely misses you.
It was a potion of mutation.
You feel extremely strange.
Your vision sharpens.
You feel stronger.
You feel genetically stable. The killer bee barely misses you.
The killer bee stings you.
* * * LOW HITPOINT WARNING * * *
You are lethally poisoned!
The killer bee poisons you!
It was a potion of haste.
You feel yourself speed up.
You die...

#........ ##.
#.......!..#####..
#.........yyy.y...
#.........y####y..
#y...y... ##.##
#ay...... #..#.
#o####### #..#.
#y# ####..#. #@#
#....... #.#
#......# #.#
#....### #.#
##....##. #.#
#.....#.. #.#
##....#.. #.#
#....#.. #.+
#....##. ########


You could see a worker ant, 3 killer bees and an orc.

Vanquished Creatures
  An ogre (D:4)
  A killer bee (D:4)
  2 adders (D:2)
  2 oozes (D:2)
  5 worms
  A giant gecko (D:2)
  4 orcs (D:3)
  5 bats
  7 giant cockroaches
  10 goblins
  7 hobgoblins
  4 jackals (D:3)
  3 quokkas (D:3)
  3 ball pythons
  4 giant newts
  4 kobolds
  12 rats
75 creatures vanquished.

Notes
Turn   | Place    | Note
--------------------------------------------------------------
     0 | D:1      | WhatsThis the High Elf Skald began the quest for the Orb.
     0 | D:1      | Reached XP level 1. HP: 14/14 MP: 4/4
   112 | D:1      | Reached skill level 4 in Charms
   115 | D:1      | Reached skill level 1 in Armour
   142 | D:1      | Reached XP level 2. HP: 16/19 MP: 6/6
   194 | D:1      | Learned a level 2 spell: Shroud of Golubria
   197 | D:1      | Learned a level 2 spell: Song of Slaying
  1270 | D:2      | Reached XP level 3. HP: 20/24 MP: 7/7
  1438 | D:2      | Found a faded altar to an unknown god.
  2705 | D:2      | Reached XP level 4. HP: 27/29 MP: 9/9
  2804 | D:3      | Noticed a moth of wrath
  3171 | D:3      | Reached skill level 1 in Stealth
  3482 | D:3      | Found an iron altar of Okawaru.
  3487 | D:3      | Became a worshipper of Warmaster Okawaru
  3673 | D:3      | Learned a level 3 spell: Spectral Weapon
  3675 | D:3      | Found a bloodstained altar of Trog.
  4005 | D:4      | Found Elamed's Food Shop.
  4009 | D:4      | Noticed an ogre
  4022 | D:4      | Killed an ogre
  4022 | D:4      | Reached XP level 5. HP: 5/34 MP: 10/10
  4447 | D:4      | Reached * piety under Okawaru
  4447 | D:4      | Reached skill level 1 in Throwing
  4447 | D:4      | Reached skill level 1 in Translocations
  4460 | D:4      | Gained mutation: You have supernaturally acute eyesight. [potion of mutation]
  4460 | D:4      | Gained mutation: Your muscles are strong. (Str +2) [potion of mutation]
  4460 | D:4      | Gained mutation: You are somewhat resistant to further mutation. [potion of mutation]
  4460 | D:4      | HP: 1/35 [killer bee (5)]
  4461 | D:4      | Succumbed to a killer bee's poison

Vault maps used:
D:1:      dpeg_arrival_rooms_b
D:2:      ecumenical_altar_1
D:3:      tgw_trog, marbit_many_paths, wad_floor_pattern_untrapped,
          moated_statue
D:4:      fedhas_altar_2, minmay_temple_entry_hall, first_bread, serial_shops,
          shop_coins, grunt_ministairs_7, saegor_snake_ambush

Action                   |  1- 3 |  4- 6 || total
-------------------------+-------+-------++-------
Melee: Short sword       |    85 |       ||    85
       Dagger            |    64 |   100 ||   164
Throw: Stone             |     6 |    14 ||    20
 Cast: Infusion          |     7 |     3 ||    10
       Shroud of Golubri |     5 |     4 ||     9
  Use: Scroll            |     1 |     9 ||    10
       Potion            |       |     3 ||     3
 Stab: Sleeping          |     1 |     3 ||     4
  Eat: Bread ration      |     1 |       ||     1
       Pizza             |     1 |     1 ||     2
       Chunk             |       |     5 ||     5
